 Dungeon Crawl Stone Soup version 0.16-a0-4088-g7c8221e (webtiles) character file.

102 dysrexia the Chopper (level 4, -3/40 HPs)
             Began as a Deep Dwarf Fighter on Feb 23, 2015.
             Killed by nerve-wracking pain
             ... invoked by Grinder
              (12 damage)
             ... on level 3 of the Dungeon.
             The game lasted 00:08:45 (1808 turns).

dysrexia the Chopper (Deep Dwarf Fighter)           Turns: 1808, Time: 00:08:46

Health: -3/40      AC: 10    Str: 25    XL:     4   Next: 50%
Magic:  4/4        EV:  7    Int:  9    God:
Gold:   107        SH: 11    Dex: 12    Spells: 0 memorised, 3 levels left

rFire  . . .     SeeInvis .     a - +0 war axe
rCold  . . .     Clarity  .     b - +0 scale mail
rNeg   . . .     SustAb   .     c - +1 shield
rPois  .         Gourm    .     x - +0 helmet
rElec  .         Spirit   .     i - +0 cloak
rCorr  .         Warding  .     (no gloves)
rMut   .         Stasis   .     u - +0 pair of boots
MR     .....                    (no amulet)
Stlth  ..........               (no ring)
                                (no ring)

@: mighty, non-regenerating, not resistant to hostile enchantments, extremely
unstealthy
A: damage resistance, recharge devices, sense surroundings 1, slow healing 3
a: Device Recharging


You were on level 3 of the Dungeon.
You were not hungry.

You visited 1 branch of the dungeon, and saw 3 of its levels.

You collected 107 gold pieces.

Inventory:

Hand weapons
 a - a +0 war axe (weapon)
Missiles
 l - 21 stones (quivered)
Armour
 b - a +0 scale mail (worn)
 c - a +1 shield (worn)
 i - a +0 cloak (worn)
 u - a +0 pair of boots (worn)
 x - a +0 helmet (worn)
Magical devices
 d - a wand of heal wounds (4)
Scrolls
 g - a scroll of remove curse
 h - 3 scrolls of identify
 m - a scroll of immolation {unknown}
 p - a scroll of fear
 r - a scroll of magic mapping {unknown}
 t - a scroll of enchant weapon {unknown}
 w - a scroll of recharging {unknown}
Potions
 j - a potion of lignification
 k - a potion of brilliance {unknown}
 o - a potion of resistance {unknown}
 q - 2 potions of agility {unknown}
 v - a potion of magic {unknown}
 z - a potion of restore abilities {unknown}
Comestibles
 f - 2 bread rations
 n - 2 meat rations
 s - 4 chunks of flesh


   Skills:
 - Level 2.6 Fighting
 + Level 5.3 Axes
 - Level 3.2 Armour
 - Level 3.2 Shields


You had 3 spell levels left.
You didn't know any spells.

Dungeon Overview and Level Annotations

Branches:
Dungeon (3/15)

Altars:
Ru

Annotations:
D:3 Grinder


Innate Abilities, Weirdness & Mutations

You are resistant to damage.
You can recharge devices by infusing magical energy.
You passively map a small area around you.
You do not heal naturally.


Message History

* * * LOW HITPOINT WARNING * * *
You can move again.
You slice Grinder!!
Grinder is heavily wounded.
Grinder barely misses you.
You barely miss Grinder.
Grinder is heavily wounded.
Grinder gestures.
Grinder blinks!
Grinder gestures at you.
You struggle to resist.
Found a mace.
You closely miss Grinder.
Grinder is heavily wounded.
You block Grinder's attack.
You closely miss Grinder.
Grinder is heavily wounded.
Grinder gestures at you. Pain shoots through your body!
You die...

* , , , , # , * , ... ,,
* *#### ##.# * , #.. ,[..
, .# #.#** #.# * ##..##
######.#####.#####.......
#.........##....@5..### ,
#...?....)##.............
#.........##....)....###
*
#.........##.#####.#....
#.........##.# *....## ,
* ######.#.....# ....)
#.#.##### * * ##.* #.#.#
*, #.#.# *


You could see Grinder.

Vanquished Creatures
  4 adders (D:2)
  3 worms (D:2)
  3 oozes
  An orc (D:3)
  A ball python (D:2)
  2 giant cockroaches
  6 goblins
  4 hobgoblins
  5 jackals
  4 kobolds
  5 bats
  4 giant newts
  4 rats (D:1)
46 creatures vanquished.

Notes
Turn   | Place    | Note
--------------------------------------------------------------
     0 | D:1      | dysrexia, the Deep Dwarf Fighter, began the quest for the Orb.
     0 | D:1      | Reached XP level 1. HP: 20/20 MP: 1/1
   228 | D:1      | Reached XP level 2. HP: 27/27 MP: 2/2
   946 | D:2      | Reached skill level 4 in Axes
   946 | D:2      | Reached XP level 3. HP: 17/33 MP: 3/3
  1113 | D:2      | Found a sacrificial altar of Ru.
  1257 | D:2      | Reached XP level 4. HP: 20/40 MP: 4/4
  1439 | D:2      | Reached skill level 5 in Axes
  1774 | D:3      | Noticed Grinder
  1796 | D:3      | Paralysed by Grinder for 6 turns
  1808 | D:3      | Killed from afar by Grinder

Action                   |  1- 3 |  4- 6 || total
-------------------------+-------+-------++-------
Melee: War axe           |   139 |    67 ||   206
Throw: Stone             |     2 |       ||     2
Evoke: Wand              |     1 |       ||     1
  Use: Scroll            |     5 |       ||     5
       Potion            |       |     1 ||     1
  Eat: Chunk             |     1 |     2 ||     3
